 Dungeon Sprint DCSS version 0.19-a0-1875-g4fea3da (webtiles) character file.

552 hexophile the Cleaver (level 7, -3/111 HPs)
             Began as a Naga Berserker on Oct 13, 2016.
             Was a Priest of Makhleb.
             Slain by a worldbinder (5 damage)
             ... in the Dungeon (Sprint V: "Ziggurat Sprint").
             The game lasted 00:02:34 (451 turns).

hexophile the Cleaver (Naga Berserker)               Turns: 451, Time: 00:02:35

Health: -3/111     AC: 15    Str: 41    XL:     7   Next: 29%
Magic:  7/7        EV:  2    Int:  7    God:    Makhleb [***...]
Gold:   0          SH:  0    Dex: 11    Spells: 0 memorised, 6 levels left

rFire  + . .     SeeInvis +     x - +5 executioner's axe
rCold  + . .     Gourm    .     y - +5 gold dragon scales
rNeg   . . .     Faith    .     (shield currently unavailable)
rPois  +         Spirit   .     (no helmet)
rElec  .         Dismiss  .     (no cloak)
rCorr  .         Reflect  .     H - +0 pair of gloves {Str+3} {Str+3}
MR     .....     Harm     .     (no barding)
Stlth  .......... NoTele   +    (no amulet)
                                E - +6 ring of strength
                                D - +6 ring of strength

@: berserking, very slightly contaminated, slowed, constricted, very slow
A: see invisible, deformed body, poison resistance, slowness 2, slow metabolism
1, spit poison 1, AC +2
a: Spit Poison, Minor Destruction, Lesser Servant of Makhleb, Renounce Religion


You were in the Dungeon.
You worshipped Makhleb.
Makhleb was most pleased with you.
You were not hungry.

You visited 1 branch


Innate Abilities, Weirdness & Mutations

You cannot wear boots.
Your serpentine skin is tough. (AC +2)
You have supernaturally acute eyesight. (SInv)
Armour fits poorly on your strangely shaped body.
Your system is resistant to poisons. (rPois)
You cover ground very slowly.
You have a slow metabolism.
You can spit poison.

Inventory:

Hand Weapons
 a - a +0 hand axe
 l - the cursed +1 hunting sling of Symmetry {venom, *Drain MP-9 Int+8 Stlth+}
   (You took it off a spriggan in the Dungeon)

   It poisons the ammo it fires.
   It affects your intelligence (+8).
   It affects your magic capacity (-9).
   It causes draining when unequipped.
   It makes you more stealthy.
   It has a curse placed upon it.
 x - a +5 executioner's axe (weapon)
Armour
 y - +5 gold dragon scales (worn)
 H - a +0 pair of gloves of strength (worn) {Str+3}
Jewellery
 D - a +6 ring of strength (left hand)
 E - a +6 ring of strength (right hand)
Wands
 c - a wand of disintegration (7/24)
 z - a wand of acid (5/15)
 B - a wand of iceblast (5/15)
 C - a wand of lightning (5/15)
Scrolls
 i - 3 scrolls of blinking
 o - 3 scrolls of recharging
 p - 7 scrolls of fog
 q - a scroll of holy word
 s - 5 scrolls of identify
 t - 5 scrolls of remove curse
 u - 2 scrolls of fear
Potions
 d - 10 potions of curing
 e - 8 potions of heal wounds
 g - 7 potions of magic
 h - a potion of berserk rage
 j - 2 potions of invisibility
 k - 4 potions of resistance {rF+ rC+ rPois rElec rCorr}
 m - 5 potions of agility {Stlth+ Dex+5 EV+5}
 n - 5 potions of might {Str+5 DMG+1d10}
 A - 2 potions of brilliance {Archmagi Int+5 Wiz++}
 G - 6 potions of haste
Miscellaneous
 f - a fan of gales
 v - a disc of storms
Comestibles
 r - 5 bread rations
 w - 4 meat rations
 F - 42 fruits


You had 6 spell levels left.
You didn't know any spells.


   Skills:
 * Level 8.2 Fighting
 * Level 13.4 Axes
 - Level 1.5 Armour
 - Level 1.5 Dodging

Dungeon Overview and Level Annotations

Branches:
Dungeon (1/1)

Altars:
Ashenzari
Cheibriados
Dithmenos
Elyvilon
Fedhas
Gozag
Hepliaklqana
Kikubaaqudgha
Makhleb
Nemelex Xobeh
Okawaru
Qazlal
Ru
Sif Muna
Trog
Uskayaw
Vehumet
Xom
Yredelemnul
Zin
The Shining One
Beogh
Jiyva
Lugonu

Vault maps used:
D:        sprint_v
You       could see a worldbinder, a black mamba, a naga, an iron imp, a quasit
          and a white imp.


Message History

The quasit bites you but does no damage.
The quasit claws you.
* * * LOW HITPOINT WARNING * * *
You feel clumsy.
The quasit claws you but does no damage.
You hear an angry growl.
The black mamba bites you but does no damage.
The worldbinder hits you but does no damage. x2
The quasit bites you but does no damage.
The quasit claws you but does no damage. x2
The quasit bites you but does no damage.
The quasit claws you but does no damage. x2
You hear an angry growl.
The black mamba bites you but does no damage.
The worldbinder hits you.
* * * LOW HITPOINT WARNING * * *
The worldbinder hits you but does no damage.
You got additional 37 HP.
You lost 6 HP.
You have now: 15/111 HP.
You completely miss the worldbinder.
Your gold dragon scales prevents you from hitting the quasit.
You slice the quasit!!
You kill the quasit!
Makhleb accepts your kill.
You feel your dexterity returning.
You slice the black mamba!!
You hear an angry growl.
The black mamba barely misses you.
You hear an angry growl.
The quasit barely misses you.
The quasit claws you but does no damage. x2
The worldbinder hits you but does no damage. x2
The black mamba bites you.
* * * LOW HITPOINT WARNING * * *
You hear an angry growl.
The quasit bites you but does no damage.
The quasit claws you but does no damage. x2
You slice the worldbinder!!
The worldbinder is severely damaged.
You closely miss the quasit. You slice the naga!!
You barely miss the black mamba.
The naga disappears in a puff of smoke!
The black mamba bites you!
* * * LOW HITPOINT WARNING * * *
The worldbinder hits you but does no damage. x2
You hear an angry growl.
The black mamba bites you but does no damage.
The naga hits you but does no damage. The naga grabs you.
The naga constricts you. The quasit completely misses you.
The quasit claws you but does no damage. x2
The worldbinder hits you.
You die...

Action                   |  1- 3 |  4- 6 |  7- 9 || total
-------------------------+-------+-------+-------++-------
Melee: Executioner's axe |    13 |     7 |    18 ||    38
  Use: Potion            |     3 |       |     2 ||     5
       Scroll            |       |       |     1 ||     1
Armor: Gold dragon scale |    16 |    14 |    84 ||   114
Dodge: Dodged            |     2 |     1 |    16 ||    19

Notes
Turn   | Place    | Note
-------+----------+-------------------------------------------
     0 | D        | hexophile the Naga Berserker began the quest for the Orb.
     0 | D        | Reached XP level 1. HP: 21/21 MP: 1/1
     0 | D        | Found a blossoming altar of Fedhas.
     1 | D        | Found a deep blue altar of Sif Muna.
     1 | D        | Found a sacrificial altar of Ru.
     1 | D        | Found a bloodstained altar of Trog.
     1 | D        | Found a stormy altar of Qazlal.
     1 | D        | Found an iron altar of Okawaru.
     1 | D        | Found a sparkling altar of Nemelex Xobeh.
     3 | D        | Found an ancient bone altar of Kikubaaqudgha.
     3 | D        | Found a viscous altar of Jiyva.
     3 | D        | Found a corrupted altar of Lugonu.
     3 | D        | Found a hazy altar of Hepliaklqana.
     3 | D        | Found a burning altar of Makhleb.
     3 | D        | Found an opulent altar of Gozag.
    54 | D        | Fell from the grace of Trog
    54 | D        | Became a worshipper of Makhleb the Destroyer
    70 | D        | Reached skill level 8 in Axes
    70 | D        | Reached XP level 2. HP: 28/28 MP: 2/2
    74 | D        | Entered arena 1.
    74 | D        | Noticed a hell hound
    80 | D        | Reached skill level 9 in Axes
    80 | D        | Reached XP level 3. HP: 34/34 MP: 3/3
    89 | D        | Killed a hell hound
    89 | D        | Reached skill level 11 in Axes
    89 | D        | Reached XP level 4. HP: 33/42 MP: 4/4
    89 | D        | Reached XP level 5. HP: 38/49 MP: 5/5
    94 | D        | Got the ring "Cet Irot" {Fire Dex+4}
   224 | D        | Entered arena 2.
   224 | D        | Noticed a black bear
   224 | D        | Noticed a spriggan
   224 | D        | Noticed a wolf
   228 | D        | Killed a wolf
   228 | D        | Reached * piety under Makhleb
   228 | D        | Reached skill level 4 in Fighting
   228 | D        | Reached skill level 12 in Axes
   230 | D        | Killed a black bear
   230 | D        | Reached skill level 6 in Fighting
   230 | D        | Reached XP level 6. HP: 28/62 MP: 6/6
   231 | D        | Killed a spriggan
   231 | D        | Reached skill level 7 in Fighting
   231 | D        | Reached skill level 13 in Axes
   231 | D        | Reached XP level 7. HP: 27/72 MP: 7/7
   233 | D        | Got the cursed +1 hunting sling of Symmetry {venom, *Drain MP-9 Int+8 Stlth+}
   349 | D        | Noticed a polar bear
   349 | D        | Entered arena 3.
   351 | D        | Reached ** piety under Makhleb
   361 | D        | Reached skill level 8 in Fighting
   440 | D        | Noticed a polar bear
   440 | D        | Noticed a polar bear
   440 | D        | Noticed a polar bear
   440 | D        | Noticed a polar bear
   440 | D        | Entered arena 4.
   440 | D        | Noticed a death scarab
   441 | D        | Reached *** piety under Makhleb
   446 | D        | Entered arena 5.
   446 | D        | Noticed a worldbinder
   448 | D        | Noticed a black mamba
   448 | D        | Noticed a naga
   448 | D        | Noticed a naga
   451 | D        | HP: 2/111 [black mamba[a worldbinder] (13)]
   451 | D        | Slain by a worldbinder

Table legend:
 A = Turns spent in this place as a percentage of turns spent in the entire game.
 B = Non-inter-level travel turns spent in this place as a percentage of non-inter-level travel turns spent in the entire game.
 C = Inter-level travel turns spent in this place as a percentage of turns spent in this place.
 D = Turns resting spent in this place as a percentage of non-inter-level travel turns spent in this place.
 E = Turns spent auto-exploring this place as a percentage of non-inter-level travel turns spent in this place.
 F = Non-inter-level travel turns spent in this place divided by the number of levels of this place that you've seen.
                   A       B       C       D       E      F
               +-------+-------+-------+-------+-------+----------------------
         Total | 100.0 | 100.0 |   0.0 |   6.0 |   0.0 | 183.0
       Dungeon | 100.0 | 100.0 |   0.0 |   6.0 |   0.0 | 183.0
               +-------+-------+-------+-------+-------+----------------------

Table legend:
 A = Kills in this place as a percentage of kills in entire the game.
 B = Kills by you in this place as a percentage of kills by you in the entire game.
 C = Kills by friends in this place as a percentage of kills by friends in the entire game.
 D = Other kills in this place as a percentage of other kills in the entire game.
 E = Experience gained in this place as a percentage of experience gained in the entire game.
 F = Experience gained in this place divided by the number of levels of this place that you have seen.
                   A       B       C       D       E      F
               +-------+-------+-------+-------+-------+----------------------
         Total | 100.0 | 100.0 |  -nan |  -nan | 100.0 | 779.0
       Dungeon | 100.0 | 100.0 |  -nan |  -nan | 100.0 | 779.0
               +-------+-------+-------+-------+-------+----------------------

Vanquished Creatures
  A spriggan (D)
  A hell hound (D)
  A black bear (D)
  A wolf (D)
  2 quasits (D)
  An iron imp (D)
  A mummy (D)
  2 shadow imps (D)
  A bat zombie (D)
  A quokka skeleton (D)
12 creatures vanquished.
